 Dungeon Crawl Stone Soup version 0.31-a0-700-gf13585253f (webtiles) character file.

Game seed: 16306673302692765041

55 qw the Shooter (level 3, -1/23 HPs)
             Began as a Gargoyle Hunter on Sept 7, 2023.
             Slain by a worm (5 damage)
             ... on level 3 of the Dungeon.
             The game lasted 00:00:35 (1525 turns).

qw the Shooter (Gargoyle Hunter)                    Turns: 1525, Time: 00:00:35

Health: -1/23      AC:  9    Str: 11 (14) XL:     3   Next: 93%
Magic:  3/3        EV: 10    Int:  7 (9)  God:
Gold:   169        SH:  0    Dex: 13 (15) Spells: 2/2 levels left

rFire   . . .        Y - +0 shortbow
rCold   . . .        (shield currently unavailable)
rNeg    + . .        a - +0 ring mail
rPois   inf          (no helmet)
rElec   +            (no cloak)
rCorr   .            (no gloves)
SInv    .            f - +0 pair of boots
Will    .....        i - amulet of faith
Stlth   +            (no ring)
HPRegen 0.23/turn    (no ring)
MPRegen 0.08/turn

%: faith
@: about to teleport
A: sickness immunity, AC +3, negative energy resistance 1, electricity
resistance, torment resistance 1, petrification resistance
a: no special abilities


You were on level 3 of the Dungeon.
You visited 1 branch of the dungeon, and saw 3 of its levels.

You collected 169 gold pieces.


Innate Abilities, Weirdness & Mutations

You are immune to sickness and miasma.
Your stone body is resilient. (AC +3)
You are immune to poison.
You resist negative energy. (rN+)
You are resistant to electric shocks. (rElec)
You are resistant to unholy torment.
You are immune to petrification.


   Skills:
 - Level 3.0 Fighting
 - Level 5.0 Ranged Weapons
 + Level 0.0 Armour
 - Level 1.5 Dodging
 - Level 1.1 Stealth


You had 2 spell levels left.
You didn't know any spells.
Your spell library was empty.

Inventory:

Hand Weapons
 Y - a +0 shortbow (weapon)
Armour
 a - a +0 ring mail (worn)
 f - a +0 pair of boots (worn)
Jewellery
 i - an amulet of faith (around neck)
Scrolls
 k - a scroll of identify
Potions
 d - a potion of curing
 g - a potion of brilliance {unknown}

Dungeon Overview and Level Annotations

Branches:
Dungeon (3/15)

Altars:


Message History

A bat comes into view.
The ball python bites you. The ball python completely misses you.
The bat moves out of view.
You shoot an arrow.
The arrow closely misses the ball python.
The ball python closely misses you. The ball python grabs you.
The ball python constricts you. The ball python closely misses you.
The ball python constricts you.
You shoot an arrow.
The arrow hits the ball python but does no damage.
The ball python is moderately wounded.
The ball python bites you. The ball python constricts you.
You shoot an arrow. The arrow hits the ball python.
The ball python is severely wounded.
The ball python bites you but does no damage.
The ball python constricts you.
A worm comes into view.
You shoot an arrow. The arrow hits the ball python!
You kill the ball python!
The bat hits you but does no damage.
You shoot an arrow. The arrow hits the worm.
The worm is moderately wounded.
The bat closely misses you.
You shoot an arrow. The arrow barely misses the worm.
The bat hits you but does no damage. The worm bites you.
You shoot an arrow. The arrow hits the worm.
The worm is heavily wounded.
The bat closely misses you. The worm bites you but does no damage.
You shoot an arrow. The arrow barely misses the worm.
The bat hits you but does no damage. The worm bites you.
You shoot an arrow. The arrow hits the worm!
The worm is severely wounded.
The bat barely misses you. The bat hits you.
You shoot an arrow. The arrow barely misses the worm.
The bat hits you but does no damage. The worm bites you!
1525 ||| READING scroll of teleportation.
As you read the scroll of teleportation, it crumbles to dust.
You feel strangely unstable. The worm bites you.
You die...

##### ...## #
...# #.. #w.#
#....#@.###.#
#.b.<....#
.....#.>#####
.......).#
##.......#
#.####### #.<
#.


You could see a worm and a bat.

Vanquished Creatures
  An adder (D:2)
  A worm (D:2)
  An endoplasm (D:1)
  5 giant cockroaches
  6 goblins
  4 hobgoblins
  3 ball pythons
  6 bats (D:1)
  3 frilled lizards
  7 kobolds
  4 rats
41 creatures vanquished.

Notes
Turn   | Place    | Note
-------+----------+-------------------------------------------
     0 | D:1      | qw the Gargoyle Hunter began the quest for the Orb.
     0 | D:1      | Reached XP level 1. HP: 12/12 MP: 1/1
     0 | D:1      | 0 ||| qw: Version: 0.3-a-76-g4403597
     0 | D:1      | 0 ||| qw: Game counter: 492
     0 | D:1      | 0 ||| qw: Melee chars always use a shield: true
     0 | D:1      | 0 ||| qw: God list: Okawaru
     0 | D:1      | 0 ||| qw: Allow faded altars: false
     0 | D:1      | 0 ||| qw: Do Orc after clearing Dungeon:15 true
     0 | D:1      | 0 ||| qw: Do second Lair branch before Depths: true
     0 | D:1      | 0 ||| qw: Lair rune preference: random
     0 | D:1      | 0 ||| qw: Goals: Normal
     0 | D:1      | 0 ||| PLANNING D:1-11
   300 | D:1      | Reached XP level 2. HP: 17/17 MP: 2/2
   960 | D:1      | 960 ||| READING scroll labelled ENAORIOWEO.
   961 | D:1      | 961 ||| READING scroll labelled QIFRUALUMA.
   964 | D:1      | 964 ||| DROPPING scroll of butterflies.
  1003 | D:2      | Reached XP level 3. HP: 21/21 MP: 3/3
  1005 | D:2      | Reached skill level 5 in Ranged Weapons
  1009 | D:2      | 1009 ||| STAIRDANCE
  1314 | D:2      | Reached skill level 3 in Fighting
  1442 | D:2      | 1442 ||| UPGRADING to +0 ring mail.
  1452 | D:2      | 1452 ||| DROPPING +0 leather armour.
  1453 | D:2      | 1453 ||| UPGRADING to +0 pair of boots.
  1458 | D:2      | 1458 ||| UPGRADING to amulet of faith.
  1463 | D:2      | 1463 ||| READING scroll labelled TAANYPP ZADEC.
  1464 | D:2      | 1464 ||| READING scroll labelled XIALE FUNUPN.
  1479 | D:2      | 1479 ||| DRINKING 2 coppery potions.
  1480 | D:2      | 1480 ||| DRINKING 2 amethyst potions.
  1481 | D:2      | 1481 ||| DROPPING potion of degeneration.
  1524 | D:3      | HP: 4/23 [worm (7)]
  1525 | D:3      | 1525 ||| READING scroll of teleportation.
  1525 | D:3      | Slain by a worm

Levels and vault maps discovered:
D:1:      wander_arrival_peaceful_grave, layout_basic, minmay_shallow_snake_nest
D:2:      layout_rooms, minmay_pentomino_p2
D:3:      gammafunk_steamed_eel, layout_loops_cross, kennysheep_orc_chapel

Skill      XL: |  1  2  3 |
---------------+----------+-----
Ranged Weapons | 5 |  5.0
Fighting       | 3 |  3.0
Dodging        | |  1.5
Stealth        | |  1.1

Action                     || total
---------------------------++-------
   Fire: Shortbow          ||   135
    Use: Scroll            ||     5
         Potion            ||     2
 Armour: Leather armour    ||    28
         Ring mail         ||    13
  Dodge: Dodged            ||    43

Table legend:
 A = Non-vault XP
 B = Vault XP
 C = Vault XP percentage of total XP
 D = Non-vault monster count
 E = Vault monster count
 F = Vault count percentage of total count
                 A         B        C        D         E       F
            +---------+---------+-------+---------+---------+-------
      Total |      74 |       5 |   6.3 |      38 |       3 |   7.3
            +---------+---------+-------+---------+---------+-------
        D:1 |      32 |       3 |   8.6 |      22 |       2 |   8.3
        D:2 |      41 |       2 |   4.7 |      15 |       1 |   6.2
        D:3 |       1 |       0 |   0.0 |       1 |       0 |   0.0
            +---------+---------+-------+---------+---------+-------
